Map: Acid Plant LE

Players

Infamous - Winner!

  • Race: Protoss Protoss
  • League: Gold
  • Spawn Location: 11:00

Fish

  • Race: Terran Terran
  • League: Gold
  • Spawn Location: 5:00

VOD

Have the link to the VOD?

Description

Time

  • Played on: April 19, 2018, 11:46 a.m.
  • Length: 12:12
Show
View Real Time Build Order
Export as new Build Order

Infamous Protoss - Winner!

Build Orders: 1 Gate Expand 

Get SALT Encoding   

  12  0:01  Probe  
  13  0:13  Probe  
  14  0:21  Probe, Pylon  
  15  0:40  Probe, Gateway  
  16  0:53  Probe  
  16  0:56  Assimilator  
  17  1:05  Probe  
  18  1:14  Probe  
  19  1:35  Nexus  
  19  1:37  Pylon, Probe  
  20  1:51  Cybernetics Core  
  19  1:58  Probe  
  20  2:09  Probe, Assimilator  
  21  2:20  Gateway  
  21  2:29  Adept  
  23  2:31  Probe, Warp Gate  
  24  2:43  Probe  
  25  2:51  Stalker  
  25  2:57  Probe x2, Shield Battery  
  27  2:59  Shield Battery  
  27  3:01  Sentry  
  31  3:19  Probe x2, Pylon  
  33  3:31  Probe  
  34  3:36  Stalker  
  34  3:38  Stalker  
  38  3:43  Probe  
  38  3:45  Probe  
  40  3:51  Probe  
  41  3:57  Stargate  
  41  4:03  Probe  
  41  4:06  Assimilator  
  41  4:08  Probe  
  43  4:10  Assimilator  
  43  4:18  Probe  
  44  4:31  Probe x2  
  44  4:32  Oracle  
  46  4:43  Pylon  
  49  4:47  Probe x2  
  49  4:50  Stalker  
  53  4:59  Pylon  
  53  5:02  Pylon  
  53  5:06  Probe  
  53  5:07  Probe, Gateway  
  55  5:09  Gateway  
  55  5:10  Sentry  
  55  5:11  Gateway  
  57  5:22  Sentry  
  59  5:29  Probe  
  59  5:30  Probe  
  59  5:32  Oracle  
  64  5:39  Twilight Council  
  64  5:42  Zealot  
  66  5:49  Pylon  
  66  5:51  Probe x2  
  68  5:59  Sentry  
  70  6:06  Charge  
  70  6:07  Robotics Facility  
  70  6:09  Robotics Facility  
  67  6:14  Zealot  
  72  6:29  Forge, Void Ray  
  73  6:33  Forge  
  73  6:50  Probe x2  
  75  6:55  Zealot x2  
  75  6:56  Zealot x3  
  75  7:00  Protoss Ground Armor Level 1  
  85  7:09  Protoss Ground Weapons Level 1  
  85  7:18  Pylon  
  85  7:22  Probe  
  86  7:23  Pylon  
  86  7:30  Pylon  
  86  7:32  Pylon  
  86  7:36  Probe, Immortal  
  91  7:41  Immortal  
  95  7:46  Blink  
  95  7:53  Stalker  
  95  7:54  Stalker x4  
  105  8:03  Void Ray  
  109  8:10  Immortal  
  106  8:21  Immortal  
  114  8:34  Gateway  
  114  8:45  Void Ray  
  118  8:55  Robotics Bay  
  118  9:24  Protoss Ground Weapons Level 2  
  118  9:35  Protoss Ground Armor Level 2  
  118  9:37  Nexus  
  118  9:39  Pylon  
  118  9:42  Extended Thermal Lance  
  118  9:43  Pylon  
  118  9:56  Colossus  
  124  10:00  Colossus  
  130  10:08  Photon Cannon  
  130  10:23  Photon Cannon  
  130  10:26  Photon Cannon  
  130  10:33  Probe x2  
  130  10:35  Photon Cannon  
  132  10:43  Sentry  
  132  10:48  Probe  
  132  10:49  Probe x2  
  137  11:00  Probe  
  137  11:01  Probe  
  139  11:14  Pylon  
  139  11:17  Probe  
  139  11:18  Probe x2  
  142  11:19  Pylon  
  142  11:22  Pylon  
  142  11:24  Photon Cannon  
  142  11:27  Photon Cannon  
  142  11:29  Probe  
  142  11:31  Gateway  
  107  11:56  Stalker  
  107  11:57  Stalker x4  
  107  11:58  Stalker  
Show
View Real Time Build Order
Export as new Build Order

Fish Terran 

Build Orders:  

Get SALT Encoding   

  12  0:01  SCV  
  13  0:16  Supply Depot  
  13  0:18  SCV  
  14  0:26  Refinery  
  15  0:39  Barracks  
  15  0:41  SCV  
  15  0:54  SCV  
  16  1:00  Refinery  
  16  1:07  SCV  
  17  1:19  SCV  
  18  1:29  Supply Depot  
  18  1:31  Marine  
  19  1:38  Orbital Command  
  20  1:56  Barracks Reactor  
  19  2:07  Factory  
  19  2:10  SCV  
  20  2:22  SCV  
  21  2:36  Marine x2  
  23  2:37  SCV  
  24  2:50  Factory Tech Lab  
  24  2:55  Marine, Starport  
  24  2:57  SCV  
  26  3:09  SCV, Cyclone  
  30  3:15  Marine  
  31  3:21  Supply Depot  
  31  3:31  Starport Reactor  
  31  3:37  Command Center  
  31  3:42  Marine, Cyclone  
  31  3:46  Supply Depot  
  35  4:15  Cyclone  
  38  4:17  Marine x2  
  38  4:23  Medivac x2  
  44  4:35  Marine x2  
  46  4:45  SCV  
  47  4:47  Siege Tank  
  50  4:54  Marine x2  
  50  4:57  SCV  
  53  5:02  Barracks  
  53  5:09  SCV  
  54  5:18  Refinery  
  54  5:19  Siege Tank  
  54  5:21  SCV  
  58  5:25  Orbital Command  
  58  5:33  SCV  
  59  5:45  SCV  
  58  5:57  SCV  
  57  6:09  SCV  
  56  6:21  SCV  
  57  6:29  SCV  
  57  6:32  Marine x2  
  59  6:34  SCV  
  59  6:39  Engineering Bay  
  59  6:42  SCV  
  59  6:46  SCV  
  61  6:50  Marine  
  61  6:54  SCV  
  61  6:58  SCV  
  62  7:06  SCV  
  63  7:10  Missile Turret, SCV  
  63  7:12  Missile Turret  
  64  7:16  Missile Turret  
  64  7:18  SCV  
  64  7:21  Missile Turret  
  64  7:22  SCV  
  66  7:33  Refinery  
  66  7:34  SCV  
  67  7:43  SCV  
  68  7:46  SCV  
  69  7:55  SCV  
  70  8:06  Barracks Tech Lab  
  70  8:13  Marine x2, SCV x2  
  73  8:24  Missile Turret  
  73  8:25  SCV x2  
  75  8:28  Missile Turret  
  75  8:31  Marine x2  
  77  8:37  SCV  
  78  8:42  Liberator  
  78  8:51  Marine x2, SCV, Marauder  
  78  8:54  Supply Depot  
  83  8:56  Supply Depot  
  86  9:16  Marine x2, Siege Tank, SCV, Marauder  
  94  9:19  Supply Depot  
  94  9:26  Supply Depot  
  94  9:28  SCV  
  95  9:33  Terran Infantry Weapons Level 1  
  95  9:35  Armory  
  95  9:37  Concussive Shells  
  95  9:39  Marine x2  
  95  9:40  SCV  
  95  9:41  Marauder  
  100  9:48  Siege Tank  
  103  9:59  Engineering Bay  
  103  10:06  Armory  
  103  10:15  Missile Turret  
  103  10:32  Command Center  
  103  10:37  Missile Turret  
  103  10:41  Marine x2, Marauder  
  103  10:42  Combat Shields  
  107  10:45  Supply Depot  
  107  11:03  Marauder  
  109  11:08  Marine x2, Supply Depot  
  109  11:09  Missile Turret  
  109  11:11  Missile Turret, Thor  
  117  11:24  Marauder  
  119  11:28  Refinery  
  119  11:37  Supply Depot  
Tags
 
Add a new tag
Caveats
  • Supply blocks, unpowered buildings, or Contaminate may cause inaccurate times.
  • Supply counts are checked every 10 seconds.